 Dungeon Crawl Stone Soup version 0.27.1 (webtiles) character file.

Game seed: 17183634458385802876

2 TinyDot the Firebug (level 1, -2/14 HPs)
             Began as a Hill Orc Fire Elementalist on Aug 23, 2021.
             Frozen to death by an endoplasm (5 damage)
             ... on level 1 of the Dungeon.
             The game lasted 00:02:10 (120 turns).

TinyDot the Firebug (Hill Orc Fire Elementalist)     Turns: 120, Time: 00:02:11

Health: -2/14      AC:  6    Str: 10    XL:     1   Next: 40%
Magic:  0/3        EV:  8    Int: 15    God:
Gold:   0          SH:  0    Dex: 11    Spells: 2/3 levels left

rFire    . . .     SeeInvis .   d - +0 dagger
rCold    . . .     Faith    .   (no shield)
rNeg     . . .     Spirit   .   b - +0 scale mail
rPois    .         Reflect  .   (no helmet)
rElec    .         Harm     .   (no cloak)
rCorr    .         Rampage  .   (no gloves)
Will     .....                  (no boots)
Stlth    ..........             (no amulet)
HPRegen  0.04/turn              (no ring)
MPRegen  0.08/turn              (no ring)

@: very slightly contaminated
A: no striking features
a: no special abilities


You were on level 1 of the Dungeon.
You visited 1 branch of the dungeon, and saw 1 of its levels.

Inventory:

Hand Weapons
 d - a +0 dagger (weapon)
Armour
 a - a +0 robe
 b - a +0 scale mail (worn)
Scrolls
 c - a scroll of brand weapon {unknown}


   Skills:
 + Level 1.5 Dodging
 + Level 1.5 Stealth
 + Level 1.6 Spellcasting
 + Level 1.0 Conjurations
 + Level 3.4 Fire Magic


You had 2 spell levels left.
You knew the following spells:

 Your Spells              Type           Power      Damage    Failure   Level
a - Foxfire               Conj/Fire      28%        2x1d5     56%         1

Your spell library contained the following spells:

 Spells                   Type           Power      Damage    Failure   Level
 Conjure Flame            Conj/Fire      7%         6-21      90%         3
 Inner Flame              Hex/Fire       6%         N/A       94%         3
 Sticky Flame             Conj/Fire      7%         2d3       100%        4
 Fireball                 Conj/Fire      3%         3d4       100%        5


Dungeon Overview and Level Annotations

Branches:
Dungeon (1/15)

Altars:


Message History

The ball python closely misses you.
Casting: Foxfire (safe; 56% risk of failure)
Confirm with . or Enter, or press ? or * to list all spells.
You don't have enough magic to cast this spell.
You closely miss the ball python.
The ball python is severely wounded.
The ball python bites you but does no damage.
The ball python grabs you. The ball python constricts you.
You hit the ball python but do no damage.
The ball python is severely wounded.
The ball python bites you but does no damage.
The ball python constricts you.
* * * LOW HITPOINT WARNING * * *
You hit the ball python.
You kill the ball python!
You see here a ball python corpse.
Your magical contamination has completely faded away.
You see here a giant cockroach corpse.
Found 8 gold pieces.
An endoplasm comes into view.
The endoplasm quivers.
You see here a +0 dagger.
d - a +0 dagger You see here 8 gold pieces.
Casting: Foxfire (safe; 56% risk of failure)
Confirm with . or Enter, or press ? or * to list all spells.
You miscast Foxfire.
You are very lightly contaminated with residual magic.
Nothing appears to happen.
Casting: Foxfire (safe; 56% risk of failure)
Confirm with . or Enter, or press ? or * to list all spells.
You miscast Foxfire.
Nothing appears to happen.
Casting: Foxfire (safe; 56% risk of failure)
Confirm with . or Enter, or press ? or * to list all spells.
You don't have enough magic to cast this spell.
d - a +0 dagger (weapon)
You completely miss the endoplasm. The endoplasm freezes you.
You are frozen.
You die...

. ....#######
#.....J@..#
#.#######.# #.# .
#.###
....##############...#
#......†..†.......###
########.########.#
#.# #.# #.# ###


You could see an endoplasm.

Vanquished Creatures
  A ball python (D:1)
  A giant cockroach (D:1)
2 creatures vanquished.

Vanquished Creatures (others)
  5 foxfires (D:1)
5 creatures vanquished.

Grand Total: 7 creatures vanquished

Notes
Turn   | Place    | Note
-------+----------+-------------------------------------------
     0 | D:1      | TinyDot the Hill Orc Fire Elementalist began the quest for
                  | the Orb.
     0 | D:1      | Reached XP level 1. HP: 14/14 MP: 3/3
   120 | D:1      | Frozen to death by an endoplasm

Illustrated notes

Levels and vault maps discovered:
D:1:      lemuel_arrival_behind_the_door_small, layout_basic,
          serial_bayou_lake_a

Action                   || total
-------------------------++-------
Melee: Unarmed           ||    13
       Dagger            ||     1
 Cast: Foxfire           ||     3
Armor: Scale mail        ||    13
Dodge: Dodged            ||     5
